AoeStats
← Goku_San

Oasis

507733693Analyzed
4v4 RM · 13d ago on Sep 19, 2026· 34m 5s· 8 players
Game mode
Random Map
Map size
Large (8 player)
Population
200
Speed
Normal
Resources
Standard
Victory
Conquest
Starting age
Dark Age
Ending age
Imperial Age
RankedLock teamsTeams togetherTeam positionsShared explorationLock speedFull tech treeHidden civsTurbo modeCheats
Victory
Defeat
🇮🇱 Hindustanis · Israel
1284
+11
🇬🇧 Mongols · United Kingdom
1264
+12
🇩🇪 Romans · Germany
1194
+15
🇨🇳 Goths · China
1137
+17
🇹🇼 Persians · Taiwan
1207
-15
🇨🇳 Cumans · China
1171
-14
🇲🇽 Spanish · Mexico
1155
-13
🇨🇴 Wu · Colombia
1141
-13
golden Eagle
0:26 Loom
11:41 Feudal Age
16:21 Castle Age
15:23 Scale Mail Armor
15:33 Forging
15:18 Horse Collar
29:12 Pikeman
Goku_San
7:35 Loom
9:58 Feudal Age
10:28 Double-Bit Axe
15:33 Castle Age
14:01 Horse Collar
23:01 Bow Saw
23:17 Gold Mining
23:18 Stone Mining
24:08 Scale Barding Armor
24:14 Forging
24:54 Gold Shaft Mining
26:02 Stone Shaft Mining
25:31 Heavy Plow
26:14 Wheelbarrow
26:34 Chain Barding Armor
27:10 Iron Casting
27:19 Bloodlines
27:10 Husbandry
29:49 Hand Cart
29:35 Fletching
31:07 Fortified Wall
34:21 Imperial Age
32:42 Town Watch
ALAW
6:57 Loom
8:57 Feudal Age
11:26 Double-Bit Axe
13:40 Wheelbarrow
16:38 Horse Collar
20:57 Castle Age
20:48 Stone Mining
22:05 Bow Saw
21:56 Heavy Plow
27:56 Fervor
31:22 Fletching
32:25 Bodkin Arrow
36:45 Imperial Age
rower56
1:05 Loom
13:55 Feudal Age
14:20 Double-Bit Axe
14:21 Horse Collar
14:40 Man-at-Arms
16:24 Scale Mail Armor
22:12 Castle Age
21:28 Gold Mining
22:17 Long Swordsman
22:58 Squires
23:30 Chain Mail Armor
24:29 Pikeman
Cookie Monster
7:15 Loom
9:31 Feudal Age
11:16 Wheelbarrow
14:45 Double-Bit Axe
17:06 Horse Collar
23:16 Castle Age
21:30 Gold Mining
21:29 Arson
21:50 Scale Mail Armor
22:24 Forging
25:13 Iron Casting
24:53 Chain Mail Armor
24:43 Squires
25:04 Bow Saw
25:00 Heavy Plow
25:45 Gold Shaft Mining
27:03 Fervor
27:49 Hand Cart
31:07 Devotion
Barba_Tiesa
0:29 Loom
2:53 Loom
3:00 Loom
11:07 Feudal Age
12:37 Double-Bit Axe
16:28 Wheelbarrow
16:20 Horse Collar
19:04 Castle Age
17:42 Stone Mining
19:27 Town Watch
19:44 Town Watch
20:15 Hand Cart
20:57 Padded Archer Armor
21:35 Bow Saw
22:08 Heavy Plow
24:44 Husbandry
28:18 Fletching
30:00 Gold Mining
34:32 Imperial Age
Tw/binjiun
6:48 Loom
11:18 Feudal Age
11:43 Horse Collar
11:49 Double-Bit Axe
18:36 Stone Mining
20:49 Castle Age
20:20 Gold Mining
xxs_hjt
5:31 Loom
10:04 Feudal Age
11:24 Double-Bit Axe
12:02 Horse Collar
18:28 Wheelbarrow
21:40 Castle Age
20:02 Scale Barding Armor
20:08 Forging
20:15 Bloodlines
23:52 Wheelbarrow
23:52 Forging
26:38 Bow Saw
26:55 Heavy Plow
28:04 Hand Cart
28:40 Town Watch
30:02 Pikeman
30:28 Arson
30:44 Squires
31:06 Scale Mail Armor
31:42 Iron Casting
30:31 Man-at-Arms
31:21 Long Swordsman
Connection lost

Rejoining the realm…

Still unreachable

The connection could not be restored.

Session expired

The server has moved on; the page needs a fresh start.